 Dungeon Crawl Stone Soup version 0.30-a0-800-g7c544603b3 (webtiles) character file.

Game seed: 6018603342799762145

471 bande the Chopper (level 7, -1/44 HPs)
             Began as a Gargoyle Fighter on Feb 22, 2023.
             Slain by a yak (5 damage)
             ... on level 5 of the Dungeon.
             The game lasted 00:08:17 (3035 turns).

bande the Chopper (Gargoyle Fighter)                Turns: 3035, Time: 00:08:18

Health: -1/44      AC: 16    Str: 19    XL:     7   Next: 9%
Magic:  7/7        EV:  7    Int:  9    God:
Gold:   34         SH:  4    Dex: 11    Spells: 6/6 levels left

rFire   . . .      SeeInvis .    t - +1 war axe (spect)
rCold   . . .      Faith    .    c - +0 buckler
rNeg    + . .      Spirit   .    l - +0 chain mail
rPois   ∞          Reflect  .    (no helmet)
rElec   +          Harm     .    q - +1 cloak
rCorr   .          Rampage  .    (no gloves)
Will    .....                    (no boots) Stlth
                                 (no amulet)
HPRegen 0.27/turn                (no ring)
MPRegen 0.10/turn                (no ring)

@: no status effects
A: sickness immunity, AC +4, negative energy resistance 1, electricity
resistance, torment resistance 1, petrification resistance
a: no special abilities


You were on level 5 of the Dungeon.
You visited 2 branches of the dungeon, and saw 6 of its levels.

You collected 235 gold pieces.
You spent 201 gold pieces at shops.

Inventory:

Hand Weapons
 a - a +0 war axe
 s - a +2 morningstar of draining
 t - a +1 spectral war axe (weapon)
Armour
 c - a +0 buckler (worn)
 l - a +0 chain mail (worn)
 q - a +1 cloak (worn)
Jewellery
 k - an amulet of magic regeneration
Scrolls
 e - a scroll of teleportation
 f - a scroll of identify
 g - 2 scrolls of enchant armour
 i - a scroll of fear
Potions
 d - 2 potions of might
 h - 2 potions of curing
 o - 2 potions of resistance


   Skills:
 + Level 4.5 Fighting
 + Level 4.9 Axes
 + Level 4.9 Armour
 + Level 4.1 Shields


You had 6 spell levels left.
You didn't know any spells.
Your spell library contained the following spells:

 Spells                   Type           Power      Damage    Failure   Level
 Malign Gateway           Summ/Tloc      0%         N/A       100%        7
 Summon Horrible Things   Summ           0%         N/A       100%        8


Dungeon Overview and Level Annotations

Branches:
Dungeon (5/15)             Temple (1/1) D:5

Altars:
Cheibriados
Dithmenos
Elyvilon
Fedhas
Hepliaklqana
Kikubaaqudgha
Makhleb
Nemelex Xobeh
Okawaru
Qazlal
Trog
Uskayaw
Vehumet
Xom
Yredelemnul
The Shining One

Shops:
D:4 ?(!


Innate Abilities, Weirdness & Mutations

You are immune to sickness and miasma.
Your stone body is resilient. (AC +4)
You are immune to poison.
You resist negative energy. (rN+)
You are resistant to electric shocks. (rElec)
You are resistant to unholy torment.
You are immune to petrification.


Message History

A yak comes into view.
You slash the yak!
The yak is almost dead.
You miss the water moccasin. You barely miss the black bear.
Your +1 spectral war axe hits the water moccasin!
The water moccasin closely misses your +1 spectral war axe.
The water moccasin completely misses your +1 spectral war axe.
The black bear barely misses you.
The black bear claws you but does no damage. x2
The yak gores you.
You barely miss the yak.
The yak is almost dead.
You hit the black bear.
You catch the helpless water moccasin completely off-guard!
You hit the water moccasin.
You kill the water moccasin!
Your +1 spectral war axe hits the black bear!
Your +1 spectral war axe completely misses the yak.
The yak completely misses you.
An orc comes into view. It is wielding a +0 whip.
The black bear bites your +1 spectral war axe but does no damage.
The black bear claws your +1 spectral war axe but does no damage. x2
You have reached level 7!
The yak attacks as you move away! The yak gores you!
The yak gores you but does no damage. The yak attacks as you move away!
The yak gores you. The yak completely misses you.
The yak attacks as you move away! The yak gores you but does no damage.
The yak attacks as you move away! The yak closely misses you.
The yak attacks as you move away! The yak gores you. The yak barely misses you.
The yak attacks as you move away! The yak gores you but does no damage.
The yak attacks as you move away! The yak barely misses you.
The yak attacks as you move away! The yak gores you!
The yak attacks as you move away! The yak gores you!
* * * LOW HITPOINT WARNING * * *
The yak attacks as you move away! The yak barely misses you.
Things that are here:
a +0 leather armour; a +0 whip; an orc corpse The yak attacks as you move away!
The yak gores you.
You die...

#..#.## ## #.....# ..
##.#.#.###
.<####........####
...#...#.8.#......#
#...#.......#....#
#.#...8.>)8...#..#
#...#.......#...#
#####...#.8@#....#
...........YY..###.##
.########.#Y#YY#
..##. #....Y.# .....
##.#h..# #.....
#....o##.....:
##.<..........
##....†...<..
##..........


You could see 6 yaks and an orc.

Vanquished Creatures
  A water moccasin (D:5)
  The ghost of Nabski the Firebug, an amateur TeFE (D:3)
  A necrophage (D:5)
  A scorpion (D:5)
  8 adders
  A shadow imp (D:5)
  A white imp (D:5)
  A worm (D:4)
  A dart slug (D:1)
  9 orcs
  9 ball pythons
  6 bats
  3 endoplasms
  3 giant cockroaches
  8 hobgoblins
  4 jackals (D:1)
  9 kobolds
  3 quokkas
  2 frilled lizards
  8 goblins
  5 rats
85 creatures vanquished.

Notes
Turn   | Place    | Note
-------+----------+-------------------------------------------
     0 | D:1      | bande the Gargoyle Fighter began the quest for the Orb.
     0 | D:1      | Reached XP level 1. HP: 14/14 MP: 1/1
   128 | D:1      | Reached XP level 2. HP: 15/19 MP: 2/2
   510 | D:1      | Reached XP level 3. HP: 21/24 MP: 3/3
   769 | D:2      | Identified the +3 leather armour of the Undertaker {rN+
                  | Str-4 Int+2}
   802 | D:2      | Reached XP level 4. HP: 29/29 MP: 4/4
  1565 | D:3      | Reached XP level 5. HP: 33/33 MP: 5/5
  1658 | D:3      | Found a runed translucent door.
  1658 | D:3      | Noticed Nabski's ghost (amateur TeFE)
  1779 | D:3      | Found a snail-covered altar of Cheibriados.
  2029 | D:3      | Killed Nabski's ghost
  2188 | D:4      | Found Gilumon's Magic Scroll Emporium.
  2535 | D:4      | Found Yseilipp's Antique Weapon Shoppe.
  2543 | D:4      | Bought a glowing war axe for 201 gold pieces
  2702 | D:4      | Reached XP level 6. HP: 38/38 MP: 6/6
  2776 | D:4      | Found Kihin's Distillery.
  2876 | D:5      | Entered Level 5 of the Dungeon
  2878 | D:5      | Found a staircase to the Ecumenical Temple.
  2892 | Temple   | Entered the Ecumenical Temple
  2892 | Temple   | Found a transporter.
  2892 | Temple   | Found a transporter.
  2924 | Temple   | Found a transporter.
  2924 | Temple   | Found a transporter.
  3014 | D:5      | Noticed a water moccasin
  3017 | D:5      | Noticed a yak
  3019 | D:5      | Noticed a black bear
  3020 | D:5      | Noticed a yak
  3021 | D:5      | Noticed a yak
  3023 | D:5      | Noticed a yak
  3023 | D:5      | Noticed a yak
  3023 | D:5      | Noticed a yak
  3025 | D:5      | Killed a water moccasin
  3026 | D:5      | Reached XP level 7. HP: 41/44 MP: 7/7
  3035 | D:5      | Slain by a yak

Illustrated notes

Levels and vault maps discovered:
D:1:      eino_arrival_water_star, layout_loops_ring
D:2:      layout_loops_ring
D:3:      layout_basic, chei_slow_surprise, gammafunk_ghost_grave,
          grunt_decor_arrowhead, st_stairs_7
D:4:      layout_gridville, serial_shops, nicolae_shop_advertising_works
          [nicolae_subvault_shop_adworks], shop, shop_statue
D:5:      layout_layer_cave, mainiacjoe_overflow_surrounded_room,
          minmay_temple_entry_sparse_star, serial_shops, kennysheep_mini_moat,
          minmay_bent
Temple:   hellmonk_temple_divided_pantheon

Skill      XL: |  1  2  3  4  5  6 |
---------------+-------------------+-----
Axes           | 2 3 4 |  4.9
Fighting       | 4 |  4.5
Armour         | 4 |  4.9
Shields        | 4 |  4.1

Action                     |  1- 3 |  4- 6 |  7- 9 || total
---------------------------+-------+-------+-------++-------
  Melee: War axe           |    91 |   163 |       ||   254
    Use: Scroll            |       |    11 |       ||    11
   Stab: Distracted        |       |     1 |       ||     1
 Armour: Scale mail        |    77 |    21 |       ||    98
         Chain mail        |       |    72 |     3 ||    75
  Dodge: Dodged            |    61 |    67 |     5 ||   133
  Block: Buckler           |    22 |    38 |       ||    60

Table legend: (Time is in decaauts)
 A = Elapsed time spent in this place.
 B = Non-inter-level travel time spent in this place.
 C = Inter-level travel time spent in this place.
 D = Time resting spent in this place.
 E = Time spent auto-exploring this place.
 F = Levels seen in this place.
 G = Mean time per level.
                   A        B        C        D        E       F      G
               +--------+--------+--------+--------+--------+-----+--------+
         Total |   3136 |   3076 |     60 |     36 |   2261 |   6 |  522.7 |
       Dungeon |   3030 |   2970 |     60 |     36 |   2230 |   5 |  606.0 |
        Temple |    105 |    105 |      0 |      0 |     31 |   1 |  105.0 |
               +--------+--------+--------+--------+--------+-----+--------+

Top non-repeatable levels by time:
     D:4: 834 daAuts
     D:1: 779 daAuts
     D:3: 705 daAuts
     D:2: 652 daAuts
  Temple: 105 daAuts
     D:5: 58 daAuts
